[Event "M21"]
[Site "?"]
[Date "2023.07.30"]
[Round "2"]
[White "Gunther, Andreas"]
[Black "Van den Boogaart , Jan Maarten"]
[Result "0-1"]
[ECO "A01"]
[WhiteElo "2065"]
[BlackElo "2087"]
[Annotator ",martin-koller@seznam"]
[PlyCount "80"]
[TimeControl "240+2"]

{600MB, Fritz10.ctg} 1. b3 e5 2. Bb2 d6 3. e3 Nf6 4. c4 g6 5. Nc3 Bg7 6. d3 O-O
7. Nf3 h6 8. Be2 Be6 9. O-O c6 10. Qc2 Nbd7 11. d4 Re8 12. Rfd1 Qc7 13. Rd2 a6
14. a4 Rac8 15. dxe5 dxe5 16. h3 Bf5 17. e4 Be6 18. Ba3 Bf8 19. Bxf8 Kxf8 20.
Rad1 Kg7 21. Nh2 a5 22. Ng4 Nxg4 23. Bxg4 Bxg4 24. hxg4 Nc5 25. Ne2 Rcd8 26.
Kf1 Rxd2 27. Rxd2 Rd8 28. Rxd8 Qxd8 29. f3 Qd3 30. Qxd3 Nxd3 31. g3 g5 32. f4
gxf4 33. gxf4 exf4 34. Nd4 Ne5 35. Nf5+ Kf6 36. Nd6 Kg5 37. Nxb7 Kxg4 38. Nxa5
Kg3 39. b4 f3 40. Nb3 Nxc4 0-1

[Event "M21"]
[Site "?"]
[Date "2023.07.30"]
[Round "2"]
[White "Hurtak, Otto"]
[Black "Husa, Daniel"]
[Result "1/2-1/2"]
[ECO "C00"]
[WhiteElo "1949"]
[BlackElo "2084"]
[Annotator ",martin-koller@seznam"]
[PlyCount "84"]
[TimeControl "240+2"]

{600MB, Fritz10.ctg} 1. c4 e6 2. e4 d5 3. exd5 exd5 4. cxd5
Nf6 5. Nc3 Nxd5 6. Bc4 Nb6 7. Bb3 Bc5 8. Nf3 Nc6 9. O-O O-O 10. Ne4 Be7 11. d4
Bg4 12. Be3 Bxf3 13. gxf3 Bf6 14. d5 Na5 15. Nxf6+ Qxf6 16. Bd4 Qd6 17. Bc2
Rad8 18. Bc3 Qxd5 19. Qxd5 Rxd5 20. Rfd1 Nc6 21. Be4 Rxd1+ 22. Rxd1 Rd8 23. Re1
Na4 24. Bxc6 Nxc3 25. Bxb7 Nxa2 26. Re7 Nb4 27. Rxc7 g6 28. Kg2 Nd3 29. Be4
Nxb2 30. Rxa7 Nd3 31. Bxd3 Rxd3 32. Kg3 Kg7 33. Ra6 h5 34. h3 g5 35. Kg2 f6 36.
Rb6 Kg6 37. Rb5 Kf7 38. Rb6 Ke7 39. Ra6 Rd6 40. Ra7+ Ke6 41. Rh7 h4 42. f4 Kf5
1/2-1/2

[Event "M21"]
[Site "?"]
[Date "2023.07.30"]
[Round "2"]
[White "Soural, Jan"]
[Black "Kalisky, Vladimir"]
[Result "0-1"]
[ECO "A17"]
[WhiteElo "2176"]
[BlackElo "2145"]
[Annotator ",martin-koller@seznam"]
[PlyCount "78"]
[TimeControl "240+2"]

{600MB, Fritz10.ctg} 1. Nf3 d5 2. e3 Nf6 3. c4 e6 4. Nc3 Be7 5. Qc2 a6 6. b3 c6
7. Bb2 b5 8. a4 bxc4 9. bxc4 a5 10. cxd5 exd5 11. Nd4 O-O 12. Nf5 Bb4 13. Na2
Bxd2+ 14. Qxd2 Bxf5 15. Bd3 Bxd3 16. Qxd3 Nbd7 17. O-O Qc7 18. Rfc1 Rfc8 19. h3
Qd6 20. Rc2 Qe6 21. Rac1 Nb6 22. Bd4 Nc4 23. Rb1 Rab8 24. Rcc1 Ne4 25. Nc3 Ned2
26. Rxb8 Rxb8 27. Ne2 Qe4 28. Qxe4 Nxe4 29. f3 Ned2 30. Kf2 f6 31. Bc3 Nb1 32.
Bd4 Kf7 33. Kg3 Rb3 34. Bc5 Nbd2 35. Nd4 Rxe3 36. Nxc6 Ne4+ 37. Kf4 g5+ 38. Kf5
Nxc5 39. Nxa5 h5 0-1

[Event "M21"]
[Site "?"]
[Date "2023.07.30"]
[Round "2"]
[White "Hozda, Max"]
[Black "Novak, Jindrich"]
[Result "0-1"]
[ECO "E91"]
[WhiteElo "1986"]
[BlackElo "2047"]
[Annotator ",martin-koller@seznam"]
[PlyCount "68"]
[TimeControl "240+2"]

{600MB, Fritz10.ctg} 1. d4 d6 2. Nf3 Nf6 3. c4 Nbd7 4. Nc3 c5 5. d5 g6 6. e4
Bg7 7. Be2 O-O 8. O-O a6 9. a4 Ne8 10. Ne1 Nc7 11. f4 Rb8 12. a5 b6 13. axb6
Nxb6 14. f5 e6 15. Bd3 Bd4+ 16. Kh1 Ne8 17. Nf3 e5 18. Bh6 Ng7 19. f6 Nh5 20.
Bxf8 Qxf8 21. Nxd4 exd4 22. Ne2 Nd7 23. b3 Nhxf6 24. h3 Qe7 25. Ng3 Ne5 26. Bc2
Nfg4 27. Qd2 Qh4 28. Qf4 g5 29. Nf5 Bxf5 30. Qxf5 Ne3 31. Qf2 Nxf1 32. Qxh4
gxh4 33. Rxf1 d3 34. Bd1 a5 0-1

[Event "K21"]
[Site "?"]
[Date "2023.07.30"]
[Round "2"]
[White "Schimmer, Michael"]
[Black "Heider, Dirk"]
[Result "0-1"]
[ECO "C62"]
[WhiteElo "1689"]
[BlackElo "1781"]
[Annotator ",martin-koller@seznam"]
[PlyCount "72"]
[TimeControl "240+2"]

{600MB, Fritz10.ctg} 1. e4 e5 2. Nf3 Nc6 3. Bb5 d6 4. d4 exd4 5. Nxd4 Bd7 6.
Nxc6 bxc6 7. Bc4 g6 8. O-O Bg7 9. Qf3 Be6 10. Bb3 a5 11. Nc3 Nf6 12. Bg5 h6 13.
Bh4 O-O 14. Rfe1 g5 15. Bg3 Nd7 16. Ba4 Rb8 17. Rab1 Rb6 18. Qh5 Kh7 19. e5
Bxe5 20. Bxe5 Nxe5 21. Qe2 f5 22. Bb3 Re8 23. Qd2 Qf6 24. Ne2 Rb4 25. a3 Rg4
26. Qc3 Bxb3 27. cxb3 f4 28. h3 Rh4 29. Nd4 g4 30. Qc2+ Kh8 31. Nf5 gxh3 32.
Nxh4 Qxh4 33. Rxe5 dxe5 34. Qxc6 Rg8 35. Qf3 hxg2 36. Qc6 Qh1# 0-1

[Event "K21"]
[Site "?"]
[Date "2023.07.30"]
[Round "2"]
[White "Gunther, Arthur"]
[Black "Vit, Zdenek"]
[Result "1-0"]
[ECO "D05"]
[WhiteElo "1600"]
[BlackElo "1654"]
[Annotator ",martin-koller@seznam"]
[PlyCount "87"]
[TimeControl "240+2"]

{600MB, Fritz10.ctg} 1. d4 Nf6 2. Nf3 d5 3. e3 e6 4. Bd3 c5 5. b3 Nc6 6. O-O
cxd4 7. exd4 Be7 8. Nbd2 Nb4 9. Be2 O-O 10. c3 Nc6 11. Bd3 a6 12. a4 b6 13. Ba3
Bxa3 14. Rxa3 Qd6 15. Ra1 Bb7 16. Qe2 Nd7 17. Rfe1 Rfe8 18. Ne5 Ncxe5 19. dxe5
Qc6 20. Rac1 Nc5 21. Bb1 d4 22. Be4 Nxe4 23. Nxe4 d3 24. Qxd3 Red8 25. Qg3 Qc7
26. Nd6 Rab8 27. c4 Bc6 28. Rcd1 Qe7 29. f4 Rd7 30. Qe3 f6 31. Rf1 f5 32. Ra1
h6 33. Rfc1 g5 34. Rc3 Kh7 35. b4 gxf4 36. Qxf4 Qg5 37. Qxg5 hxg5 38. b5 axb5
39. axb5 Ra8 40. Rxa8 Bxa8 41. Ra3 Be4 42. Ra6 Bd3 43. Rxb6 Ra7 44. Ra6 1-0

[Event "K21"]
[Site "?"]
[Date "2023.07.30"]
[Round "2"]
[White "Yue, Erfei"]
[Black "Nelson, Wayne"]
[Result "1-0"]
[ECO "D04"]
[WhiteElo "1685"]
[BlackElo "1863"]
[Annotator ",martin-koller@seznam"]
[PlyCount "51"]
[TimeControl "240+2"]

{600MB, Fritz10.ctg} 1. d4 c6 2. Nf3 d5 3. e3 Bg4 4. Nbd2 Nf6 5. b3 e6 6. Bb2
Qa5 7. a3 Bd6 8. Bd3 O-O 9. c4 Nbd7 10. O-O Rae8 11. Qc2 Bh5 12. Ne5 Bg6 13. f4
Rd8 14. b4 Qc7 15. c5 Be7 16. h3 Nxe5 17. dxe5 Nd7 18. Nf3 b6 19. g4 Bxd3 20.
Qxd3 bxc5 21. f5 Kh8 22. Kg2 cxb4 23. f6 gxf6 24. exf6 Nxf6 25. Ng5 e5 26. Rxf6
1-0

[Event "K21"]
[Site "?"]
[Date "2023.07.30"]
[Round "2"]
[White "Feierfeil, Jiri"]
[Black "Junge, Matteo"]
[Result "1-0"]
[ECO "E87"]
[WhiteElo "1674"]
[BlackElo "1450"]
[Annotator ",martin-koller@seznam"]
[PlyCount "147"]
[TimeControl "240+2"]

{600MB, Fritz10.ctg} 1. d4 Nf6 2. c4 g6 3. Nc3 Bg7 4. e4 d6 5. f3 O-O 6. Be3 e5
7. d5 a6 8. Bd3 Ne8 9. Qd2 Bd7 10. Nge2 c6 11. g4 Qh4+ 12. Ng3 b5 13. Bg5 Qh3
14. Bf1 Qxf1+ 15. Rxf1 f5 16. gxf5 gxf5 17. exf5 bxc4 18. Bh6 Kh8 19. Bxg7+
Nxg7 20. dxc6 Nxc6 21. Qxd6 Rfd8 22. O-O-O Rab8 23. Qf6 Rf8 24. Qxf8+ Rxf8 25.
Rxd7 Nb4 26. a3 Nd3+ 27. Rxd3 cxd3 28. Kd2 h5 29. h4 Nxf5 30. Nxf5 Rxf5 31.
Kxd3 Rf4 32. Ke3 Rxh4 33. Rf2 Kg7 34. Ne4 Kg6 35. Rg2+ Kf5 36. Rg5+ Ke6 37.
Rg6+ Kd5 38. Rxa6 Rh1 39. Rd6+ Kc4 40. Rd2 h4 41. Re2 Kb5 42. Nf2 Rc1 43. Ng4
Ka4 44. Nxe5 Kb3 45. Ng4 Rg1 46. Kf2 Rg3 47. Ne3 Ka4 48. Nf5 Rg5 49. Nxh4 Kb5
50. Rc2 Kb6 51. Ng2 Kb5 52. f4 Rf5 53. Kf3 Ka4 54. Ne3 Rf8 55. f5 Kb3 56. Rd2
Ka4 57. Kf4 Kb5 58. Rc2 Kb6 59. Ng4 Kb7 60. f6 Kb6 61. Kf5 Kb5 62. Ne5 Kb6 63.
Nd7+ Kb5 64. Nxf8 Kb6 65. Ne6 Kb5 66. f7 Ka4 67. f8=Q Kb3 68. Qc8 Ka2 69. b4+
Kb3 70. b5 Ka4 71. Qc4+ Ka5 72. b6 Kxb6 73. Rb2+ Ka5 74. Qb5# 1-0

[Event "M21"]
[Site "?"]
[Date "2023.07.31"]
[Round "3"]
[White "Husa, Daniel"]
[Black "Reichmann, Steffen"]
[Result "0-1"]
[ECO "A52"]
[WhiteElo "2084"]
[BlackElo "1954"]
[Annotator ",martin-koller@seznam"]
[PlyCount "44"]
[TimeControl "240+2"]

{600MB, Fritz10.ctg} 1. d4 Nf6 2. c4 e5 3. dxe5 Ng4 4. Nf3 Bc5 5. e3 Nc6 6. Qd5
Qe7 7. a3 a5 8. Nc3 Ngxe5 9. Nxe5 Nxe5 10. Be2 Ra6 11. Ne4 Ba7 12. f4 Ng6 13.
c5 Re6 14. Ng5 Nxf4 15. Qf3 Qxg5 16. exf4 Qxc5 17. Bd2 O-O 18. f5 Re5 19. g4
Rfe8 20. Bc3 Rxe2+ 21. Kd1 R8e3 22. Qf4 Qd5+ 0-1

[Event "M21"]
[Site "?"]
[Date "2023.07.31"]
[Round "3"]
[White "Novak, Jindrich"]
[Black "Gunther, Andreas"]
[Result "0-1"]
[ECO "A80"]
[WhiteElo "2047"]
[BlackElo "2065"]
[Annotator ",martin-koller@seznam"]
[PlyCount "58"]
[TimeControl "240+2"]

{600MB, Fritz10.ctg} 1. d4 f5 2. Nf3 Nf6 3. Bg5 Ne4 4. h4 c5 5. dxc5 Qa5+ 6.
Nbd2 e5 7. Nxe5 Nxf2 8. Kxf2 Qxc5+ 9. e3 Qxe5 10. Nc4 Qe6 11. Bf4 d5 12. Ne5
Nd7 13. Bb5 a6 14. Ba4 b5 15. Nxd7 Bxd7 16. Bb3 Bc6 17. Qd4 Be7 18. Qxg7 Rg8
19. Qxh7 O-O-O 20. Rhg1 Rg4 21. g3 Qe4 22. c3 d4 23. exd4 Rxf4+ 24. gxf4 Bxh4+
25. Qxh4 Qf3+ 26. Ke1 Re8+ 27. Kd2 Re2+ 28. Kc1 Qe3+ 29. Kb1 Be4+ 0-1

[Event "M21"]
[Site "?"]
[Date "2023.07.31"]
[Round "3"]
[White "Rehak, Martin"]
[Black "Hozda, Max"]
[Result "1/2-1/2"]
[ECO "A07"]
[WhiteElo "1991"]
[BlackElo "1986"]
[Annotator ",martin-koller@seznam"]
[PlyCount "43"]
[TimeControl "240+2"]

{600MB, Fritz10.ctg} 1. Nf3 d5 2. g3 Nf6 3. Bg2 c6 4. O-O g6 5. b3 Bg7 6. Bb2
O-O 7. d3 b6 8. b4 Bb7 9. c4 Nbd7 10. Nbd2 Re8 11. d4 b5 12. cxb5 cxb5 13. Nb3
Nb6 14. Nc5 Bc8 15. Nd2 Rb8 16. Bc3 Nfd7 17. Ndb3 Nxc5 18. Nxc5 Bd7 19. Qb3 Bc6
20. Rfd1 e6 21. e3 h5 22. f4 1/2-1/2

[Event "M21"]
[Site "?"]
[Date "2023.07.31"]
[Round "3"]
[White "Van den Boogaart, Jan Maarten"]
[Black "Soural, Jan"]
[Result "1/2-1/2"]
[ECO "B38"]
[WhiteElo "2087"]
[BlackElo "2176"]
[Annotator ",martin-koller@seznam"]
[PlyCount "44"]
[TimeControl "240+2"]

{600MB, Fritz10.ctg} 1. e4 c5 2. Nf3 g6 3. d4 cxd4 4. Nxd4 Bg7 5. c4 Nc6 6. Be3
Nf6 7. Nc3 d6 8. Be2 O-O 9. O-O Bd7 10. Qd2 Nxd4 11. Bxd4 Bc6 12. f3 a5 13. b3
Nd7 14. Be3 Nc5 15. Rab1 Qb6 16. Rfc1 Rfc8 17. Rc2 Qd8 18. Bf1 Be5 19. Qf2 e6
20. Rd1 Qf8 21. g3 Qg7 22. Bd4 Qf8 1/2-1/2

[Event "M21"]
[Site "?"]
[Date "2023.07.31"]
[Round "3"]
[White "Kaliský, Vladimir"]
[Black "Hurtak, Otto"]
[Result "1-0"]
[ECO "B34"]
[WhiteElo "2145"]
[BlackElo "1949"]
[Annotator ",martin-koller@seznam"]
[PlyCount "53"]
[TimeControl "240+2"]

{600MB, Fritz10.ctg} 1. e4 c5 2. Nf3 Nc6 3. d4 cxd4 4. Nxd4 Nf6 5. Nc3 g6 6.
Be3 Bg7 7. Nxc6 bxc6 8. e5 Ng8 9. f4 f6 10. Bd4 Qa5 11. exf6 Nxf6 12. Bd3 c5
13. Bf2 c4 14. Bxc4 d5 15. Bb5+ Kf7 16. O-O Rb8 17. Bd3 Rxb2 18. Bd4 Ng4 19.
Bxg7 Kxg7 20. Qe1 Qc5+ 21. Kh1 Rb4 22. Nxd5 Qxd5 23. Qxb4 Bb7 24. Qxe7+ Kg8 25.
Bc4 Qxc4 26. Qxb7 Qd4 27. Qc8+ 1-0

[Event "K21"]
[Site "?"]
[Date "2023.07.31"]
[Round "3"]
[White "Heider, Dirk"]
[Black "Erfei, Yue"]
[Result "1/2-1/2"]
[ECO "B17"]
[WhiteElo "1781"]
[BlackElo "1685"]
[Annotator ",martin-koller@seznam"]
[PlyCount "81"]
[TimeControl "240+2"]

{600MB, Fritz10.ctg} 1. e4 c6 2. d4 d5 3. Nc3 dxe4 4. Nxe4 Nd7 5. Nf3 Ngf6 6.
Ng3 e6 7. Bd3 Bd6 8. O-O Qc7 9. Re1 b6 10. Nf5 O-O 11. Nxd6 Qxd6 12. Ne5 Bb7
13. c3 Rad8 14. Nxd7 Rxd7 15. Bg5 Nd5 16. Qh5 f5 17. Rad1 Nf6 18. Qe2 Kf7 19.
Bxf6 Kxf6 20. Qh5 g6 21. Qh4+ Kg7 22. Re3 Qe7 23. Qf4 Qd6 24. Re5 c5 25. Qe3
cxd4 26. cxd4 Qxd4 27. Qxd4 Rxd4 28. Rxe6 Kf7 29. Ree1 Rfd8 30. Bc2 Rxd1 31.
Rxd1 Rxd1+ 32. Bxd1 Ke6 33. f4 a6 34. Kf2 Bd5 35. a3 Kd6 36. g3 Kc5 37. Ke3 Kc4
38. Kd2 Kd4 39. Be2 b5 40. Bf1 Bh1 41. Bd3 1/2-1/2

[Event "K21"]
[Site "?"]
[Date "2023.07.31"]
[Round "3"]
[White "Vit, Zdenek"]
[Black "Hapke, Ralf"]
[Result "1/2-1/2"]
[ECO "B01"]
[WhiteElo "1654"]
[BlackElo "1756"]
[Annotator ",martin-koller@seznam"]
[PlyCount "56"]
[TimeControl "240+2"]

{600MB, Fritz10.ctg} 1. e4 d5 2. exd5 Nf6 3. d4 Bg4 4. Be2 Bxe2 5. Qxe2 Qxd5 6.
Nf3 Nc6 7. c4 Qf5 8. Bd2 e6 9. O-O Be7 10. Nc3 O-O 11. d5 exd5 12. cxd5 Nxd5
13. Qb5 Rad8 14. Qxb7 Rd6 15. Nxd5 Qxd5 16. Bf4 Rg6 17. Bg3 Rb8 18. Qxc7 Rxb2
19. Ne5 Bd8 20. Nxc6 Rxc6 21. Qxa7 Rcc2 22. Rfd1 Rd2 23. Rxd2 Rxd2 24. Qa4 h5
25. h3 Kh7 26. Qb3 Qd4 27. Rf1 h4 28. Qxf7 hxg3 1/2-1/2

[Event "K21"]
[Site "?"]
[Date "2023.07.31"]
[Round "3"]
[White "Thomasson, Staffan"]
[Black "Schimmer, Michael"]
[Result "0-1"]
[ECO "A17"]
[WhiteElo "1740"]
[BlackElo "1689"]
[Annotator ",martin-koller@seznam"]
[PlyCount "100"]
[TimeControl "240+2"]

{600MB, Fritz10.ctg} 1. c4 Nf6 2. g3 e6 3. Bg2 Be7 4. Nc3 d5 5. e3 O-O 6. b3
dxc4 7. bxc4 e5 8. d4 exd4 9. exd4 Bb4 10. Nge2 Nc6 11. Bb2 Bg4 12. f3 Bf5 13.
O-O Qe7 14. Qd2 Rad8 15. Rfe1 Qd7 16. Rad1 Ne5 17. dxe5 Qxd2 18. Rxd2 Rxd2 19.
Bc1 Rxe2 20. Rxe2 Bxc3 21. exf6 Bxf6 22. Bb2 Bxb2 23. Rxb2 b6 24. c5 g6 25.
cxb6 axb6 26. f4 Rd8 27. Kf2 Kf8 28. Bf3 h5 29. Bg2 Rd6 30. Bf1 Be6 31. Bb5 c5
32. Rc2 Ke7 33. Ke3 Rd4 34. a4 Kd6 35. Rd2 Rxd2 36. Kxd2 Kd5 37. Kc3 h4 38.
Bc4+ Ke4 39. Bxe6 fxe6 40. Kc4 hxg3 41. hxg3 Ke3 42. Kb5 Kf2 43. Kxb6 c4 44. a5
c3 45. a6 c2 46. a7 c1=Q 47. a8=Q Qe3+ 48. Kb5 Kxg3 49. Qg8 Qe4 50. Qf8 Qf5+
0-1

[Event "K21"]
[Site "?"]
[Date "2023.07.31"]
[Round "3"]
[White "Nelson, Wayne"]
[Black "Feierfeil, Jiri"]
[Result "0-1"]
[ECO "D60"]
[WhiteElo "1863"]
[BlackElo "1674"]
[Annotator ",martin-koller@seznam"]
[PlyCount "112"]
[TimeControl "240+2"]

{600MB, Fritz10.ctg} 1. d4 Nf6 2. Bg5 e6 3. Nf3 Be7 4. e3 d5 5. c4 Nbd7 6. Nc3
O-O 7. Bd3 c6 8. O-O Ne8 9. Bxe7 Qxe7 10. a3 dxc4 11. Bxc4 Nd6 12. Bd3 Nb6 13.
b4 a6 14. Qb3 Bd7 15. Ne5 Be8 16. Rac1 f6 17. Nf3 Bf7 18. Qc2 g6 19. Ne4 Nxe4
20. Bxe4 Nd7 21. Qc3 Rfd8 22. Rfd1 Rac8 23. h3 f5 24. Bc2 h6 25. Bb3 Kh7 26.
Rd2 g5 27. Rcd1 g4 28. hxg4 fxg4 29. Ne5 Nxe5 30. dxe5 h5 31. Qc5 Qxc5 32. bxc5
Rxd2 33. Rxd2 Rc7 34. Kh2 Kh6 35. Rd6 Re7 36. Rd8 Kg5 37. Bc2 Rc7 38. g3 Re7
39. Kg2 Be8 40. Rd6 Bg6 41. Bb3 Be4+ 42. Kf1 Kf5 43. Rd8 Kxe5 44. Rh8 Rh7 45.
Rd8 Re7 46. Ke1 Rg7 47. Kd2 Rf7 48. Ke1 Rh7 49. Rd6 Re7 50. Rd8 Bg6 51. Ke2 Kf6
52. Rd6 Bf7 53. e4 Ke5 54. Ke3 Bg6 55. Bc2 Rf7 56. Bb3 Rf3+ 0-1

[Event "K21"]
[Site "?"]
[Date "2023.07.31"]
[Round "3"]
[White "Junge, Matheo - Gabriel"]
[Black "Gunther, Arthur"]
[Result "1-0"]
[ECO "B01"]
[WhiteElo "1450"]
[BlackElo "1600"]
[Annotator ",martin-koller@seznam"]
[PlyCount "114"]
[TimeControl "240+2"]

{600MB, Fritz10.ctg} 1. e4 d5 2. exd5 Qxd5 3. Nc3 Qa5 4. d4 Nf6 5. Nf3 Nc6 6.
Bd3 Bg4 7. h3 Bxf3 8. Qxf3 O-O-O 9. Be3 Nxd4 10. Bxd4 Rxd4 11. O-O-O e6 12. Be2
Rxd1+ 13. Rxd1 Bb4 14. Rd3 a6 15. a3 Bxc3 16. Rxc3 Rd8 17. Kb1 Qd5 18. Qf4 Qa5
19. Bf3 Rd7 20. Rb3 b6 21. Qc4 Rd6 22. Rc3 b5 23. Qf4 Qb6 24. Qg5 Qxf2 25. Qxg7
Nd5 26. Bxd5 Rxd5 27. Qf8+ Rd8 28. Qe7 Rd7 29. Qe8+ Rd8 30. Qc6 Qa7 31. Rb3 Rf8
32. Rc3 Qb7 33. Qc5 Rd8 34. Qf2 Qd5 35. Rd3 Qf5 36. Rf3 Rd1+ 37. Ka2 Qd5+ 38.
Rb3 a5 39. Qxf7 c6 40. Qf3 Qc4 41. Qxd1 a4 42. Qh5 axb3+ 43. cxb3 Qe4 44. g4
Kd7 45. h4 Ke7 46. Qg5+ Kf7 47. h5 b4 48. a4 e5 49. h6 c5 50. Qg7+ Ke6 51. Qg8+
Kd6 52. g5 c4 53. Qxc4 Qh1 54. Qxb4+ Ke6 55. Qg4+ Kd5 56. Qd7+ Kc5 57. Qxh7 e4
1-0

[Event "M21"]
[Site "?"]
[Date "2023.08.01"]
[Round "4"]
[White "Gunther, Andreas"]
[Black "Rehak, Martin"]
[Result "1/2-1/2"]
[ECO "A01"]
[WhiteElo "2065"]
[BlackElo "1991"]
[Annotator ",martin-koller@seznam"]
[PlyCount "70"]
[TimeControl "240+2"]

{600MB, Fritz10.ctg} 1. b3 e5 2. Bb2 d6 3. e3 g6 4. c4 Bg7 5. Nf3 f5 6. d4 e4
7. Nfd2 Nf6 8. Nc3 Be6 9. Be2 O-O 10. O-O d5 11. cxd5 Nxd5 12. Nxd5 Bxd5 13.
Qc2 Nc6 14. Ba3 Re8 15. Rac1 Bf8 16. Bxf8 Rxf8 17. Qc5 Qd6 18. Qxd5+ Qxd5 19.
Bc4 Rfd8 20. Rc3 Rac8 21. Rfc1 Kf7 22. Kf1 Ke6 23. Ke2 Ne7 24. f3 exf3+ 25.
Nxf3 c6 26. a3 h6 27. Ne5 g5 28. b4 a6 29. Nd3 Kf6 30. Bxd5 Nxd5 31. Rc5 Re8
32. Ne5 Rcd8 33. Rf1 Ke6 34. Kd3 Rf8 35. Rf2 Rf6 1/2-1/2

[Event "M21"]
[Site "?"]
[Date "2023.08.01"]
[Round "4"]
[White "Kalisky, Vladimir"]
[Black "Van den Boogaart, Jan Maarten"]
[Result "1/2-1/2"]
[ECO "B32"]
[WhiteElo "2145"]
[BlackElo "2087"]
[Annotator ",martin-koller@seznam"]
[PlyCount "55"]
[TimeControl "240+2"]

{600MB, Fritz10.ctg} 1. e4 c5 2. Nf3 Nc6 3. d4 cxd4 4. Nxd4 e5 5. Nb5 d6 6. c4
Be6 7. N1c3 a6 8. Na3 g6 9. Be2 Bg7 10. Nc2 Nf6 11. O-O O-O 12. Be3 Rc8 13. b3
b5 14. cxb5 axb5 15. Bxb5 Na7 16. Bxa7 Rxc3 17. Bd3 Qa8 18. Be3 Nxe4 19. f3 Nf6
20. Qd2 Rfc8 21. Nb4 d5 22. Ba6 R8c7 23. Bb6 R7c6 24. Nxc6 Rxc6 25. Qa5 Qb8 26.
Bf2 Qa8 27. Bb6 Qb8 28. Bf2 1/2-1/2

[Event "M21"]
[Site "?"]
[Date "2023.08.01"]
[Round "4"]
[White "Soural, Jan"]
[Black "Novak, Jindrich"]
[Result "1/2-1/2"]
[ECO "B38"]
[WhiteElo "2176"]
[BlackElo "2047"]
[Annotator ",martin-koller@seznam"]
[PlyCount "110"]
[TimeControl "240+2"]

{600MB, Fritz10.ctg} 1. Nf3 Nf6 2. c4 g6 3. Nc3 Bg7 4. e4 O-O 5. d4 c5 6. Be2
cxd4 7. Nxd4 Nc6 8. Be3 Nxd4 9. Bxd4 Ne8 10. h4 h5 11. g4 hxg4 12. h5 d5 13. h6
Bxd4 14. h7+ Kh8 15. Qxd4+ Ng7 16. O-O-O Qb6 17. c5 Qf6 18. Qxf6 exf6 19. exd5
f5 20. b4 Bd7 21. Bb5 Bxb5 22. Nxb5 a5 23. Nc7 Rac8 24. d6 axb4 25. d7 Rcd8 26.
Rhe1 Kxh7 27. Re7 f4 28. Re4 g5 29. Rxb4 Rb8 30. a4 Nf5 31. a5 g3 32. fxg3 Ne7
33. gxf4 Nc6 34. Rb6 Nxa5 35. fxg5 Nc6 36. Rb2 Kg6 37. Rf2 Rbd8 38. Rd5 Rh8 39.
Rf6+ Kg7 40. Nb5 Rh2 41. Nc7 Rg2 42. Rf3 Rh8 43. Ne8+ Kf8 44. Nd6 Rh1+ 45. Rd1
Rxd1+ 46. Kxd1 Rxg5 47. Rxf7+ Kg8 48. Rf5 Rxf5 49. Nxf5 Kf7 50. Nd6+ Ke7 51.
Nxb7 Kxd7 52. Kd2 Kc7 53. Nd6 Nd8 54. Kc3 Ne6 55. Kc4 Nxc5 1/2-1/2

[Event "K21"]
[Site "?"]
[Date "2023.08.01"]
[Round "4"]
[White "Hapke, Ralf"]
[Black "Schimmer, Michael"]
[Result "1/2-1/2"]
[ECO "B30"]
[WhiteElo "1756"]
[BlackElo "1689"]
[Annotator ",martin-koller@seznam"]
[PlyCount "23"]
[TimeControl "240+2"]

{600MB, Fritz10.ctg} 1. e4 c5 2. Nc3 e6 3. Nf3 Nc6 4. Bb5 Nd4 5. Bc4 a6 6. a4
d6 7. d3 Be7 8. O-O Nf6 9. Nxd4 cxd4 10. Ne2 Qb6 11. Bb3 O-O 12. f4 1/2-1/2

[Event "K21"]
[Site "?"]
[Date "2023.08.01"]
[Round "4"]
[White "Vit, Zdenek"]
[Black "Junge, Matheo - Gabriel"]
[Result "0-1"]
[ECO "B15"]
[WhiteElo "1654"]
[BlackElo "1450"]
[Annotator ",martin-koller@seznam"]
[PlyCount "64"]
[TimeControl "240+2"]

{600MB, Fritz10.ctg} 1. e4 c6 2. d4 d5 3. Nc3 dxe4 4. Nxe4 Nf6 5. Nxf6+ exf6 6.
Be3 Bd6 7. Bd3 Be6 8. Nf3 Nd7 9. O-O O-O 10. c4 Re8 11. Qc2 Nf8 12. h3 Rc8 13.
Rfd1 a6 14. a3 b5 15. Rac1 Ng6 16. Qd2 Qe7 17. Re1 Qb7 18. b4 Qb8 19. Qc2 Kh8
20. Bf5 Bxc4 21. Bxc8 Qxc8 22. Bd2 Bd5 23. Rxe8+ Qxe8 24. Re1 Qb8 25. Qd3 h6
26. h4 Qc8 27. Qe2 Qg4 28. h5 Nh4 29. Nxh4 Qxh4 30. Qd3 Qh2+ 31. Kf1 Qxg2+ 32.
Ke2 Bc4 0-1

[Event "K21"]
[Site "?"]
[Date "2023.08.01"]
[Round "4"]
[White "Gunther, Arthur"]
[Black "Nelson, Wayne"]
[Result "1/2-1/2"]
[ECO "D11"]
[WhiteElo "1600"]
[BlackElo "1863"]
[Annotator ",martin-koller@seznam"]
[PlyCount "77"]
[TimeControl "240+2"]

{600MB, Fritz10.ctg} 1. d4 c6 2. Nf3 d5 3. e3 Bg4 4. c4 e6 5. Nc3 Nf6 6. Qb3
Qc7 7. h3 Bxf3 8. gxf3 g6 9. e4 Bg7 10. Be3 Nbd7 11. Be2 O-O 12. e5 dxc4 13.
Bxc4 Nd5 14. Ne4 Nxe3 15. fxe3 Nb6 16. h4 Nxc4 17. Qxc4 Qa5+ 18. Ke2 h5 19.
Rhg1 Qd8 20. Ng5 Qd5 21. Qd3 c5 22. Ne4 cxd4 23. exd4 Rac8 24. b3 Qd8 25. Nd6
Rc7 26. Qe4 b6 27. Rac1 Qe7 28. Qf4 Rxc1 29. Rxc1 Kh7 30. Qe4 f5 31. Qb7 Qxh4
32. Rc7 Qh2+ 33. Kd3 Rg8 34. Ne8 Rxe8 35. Rxg7+ Kh6 36. Qd7 Rh8 37. Rxg6+ Kxg6
38. Qxe6+ Kg7 39. Qf6+ 1/2-1/2

[Event "K21"]
[Site "?"]
[Date "2023.08.01"]
[Round "4"]
[White "Yue, Erfei"]
[Black "Thomasson, Staffan"]
[Result "0-1"]
[ECO "D04"]
[WhiteElo "1685"]
[BlackElo "1740"]
[Annotator ",martin-koller@seznam"]
[PlyCount "112"]
[TimeControl "240+2"]

{600MB, Fritz10.ctg} 1. Nf3 c5 2. e3 Nf6 3. d4 d5 4. b3 cxd4 5. exd4 Bg4 6.
Nbd2 Nc6 7. Bb2 e6 8. a3 Bd6 9. c4 Rc8 10. Bd3 O-O 11. Qc2 dxc4 12. bxc4 Bf4
13. O-O Bxd2 14. Qxd2 Bxf3 15. gxf3 Na5 16. Qb4 Nc6 17. Qd2 Nh5 18. Rfd1 Na5
19. Qb4 Nf4 20. Bf1 Qg5+ 21. Kh1 Nxc4 22. Rac1 Nxb2 23. Qxb2 Qd5 24. Rxc8 Rxc8
25. Rc1 Rxc1 26. Qxc1 Qxf3+ 27. Kg1 h5 28. Qc5 a6 29. a4 h4 30. Qg5 h3 31. Qd8+
Kh7 32. Qh4+ Kg6 33. Qg3+ Qxg3+ 34. hxg3 Nd5 35. a5 Kf5 36. f3 Nb4 37. Bxh3+
Kf6 38. Kf2 Nc6 39. Ke3 Nxa5 40. f4 Nc4+ 41. Kd3 b5 42. g4 Ke7 43. g5 a5 44. f5
exf5 45. Bxf5 a4 46. Kc3 a3 47. Bb1 Kd6 48. Ba2 f5 49. gxf6 gxf6 50. Kb4 f5 51.
Kxb5 Nd2 52. Kb4 f4 53. Kc3 Ne4+ 54. Kd3 f3 55. Ke3 f2 56. Ke2 Nc3+ 0-1

[Event "K21"]
[Site "?"]
[Date "2023.08.01"]
[Round "4"]
[White "Feierfeil, Jiri"]
[Black "Heider, Dirk"]
[Result "1-0"]
[ECO "A56"]
[WhiteElo "1674"]
[BlackElo "1781"]
[Annotator ",martin-koller@seznam"]
[PlyCount "127"]
[TimeControl "240+2"]

{600MB, Fritz10.ctg} 1. d4 c5 2. d5 d6 3. c4 e5 4. e4 Be7 5. Bd3 Nf6 6. Ne2
Nbd7 7. Nbc3 Nf8 8. h3 Ng6 9. Be3 O-O 10. Qd2 a6 11. O-O Bd7 12. Ng3 Qc8 13.
Nf5 Bxf5 14. exf5 Nh4 15. Qc2 g6 16. Bh6 Re8 17. fxg6 fxg6 18. Rae1 Nf5 19.
Bxf5 Qxf5 20. Qe2 Bf8 21. Bc1 Bg7 22. f3 Rf8 23. Be3 Qd7 24. a3 Rae8 25. Bg5
Nh5 26. Ne4 h6 27. Be3 g5 28. Qc2 Nf4 29. Kh2 Re7 30. b4 b6 31. bxc5 bxc5 32.
Rb1 Qc7 33. Rb3 Rb8 34. Rfb1 Ree8 35. Qb2 Nd3 36. Qc2 Nf4 37. g3 Rxb3 38. Qxb3
Ne2 39. Qb6 Qf7 40. Kg2 Rf8 41. Rf1 Nd4 42. Bxd4 cxd4 43. Qxd6 Qb7 44. Qb4 Rb8
45. Qxb7 Rxb7 46. Rf2 Bf8 47. d6 Kf7 48. c5 Ke6 49. c6 Ra7 50. d7 Be7 51. Rc2
Bd8 52. Kf1 Rc7 53. Rc5 a5 54. Ke2 Ra7 55. Kd3 Bb6 56. Rb5 Bc7 57. Kc4 Ke7 58.
Kd5 Ra8 59. a4 Rf8 60. Rb3 Rg8 61. Rb7 Kd8 62. Nc5 Rg6 63. Ne6+ Rxe6 64. Kxe6
1-0

[Event "M21"]
[Site "?"]
[Date "2023.08.01"]
[Round "5"]
[White "Van den Boogaard, Jan Maarten"]
[Black "Hurtak, Otto"]
[Result "1/2-1/2"]
[ECO "B34"]
[WhiteElo "2087"]
[BlackElo "1949"]
[Annotator ",martin-koller@seznam"]
[PlyCount "45"]
[TimeControl "240+2"]

{600MB, Fritz10.ctg} 1. e4 c5 2. Nf3 Nc6 3. d4 cxd4 4. Nxd4 Nf6 5. Nc3 g6 6.
Be3 Bg7 7. f3 O-O 8. Qd2 d5 9. exd5 Nxd5 10. Nxd5 Qxd5 11. Nxc6 Qxc6 12. c3 Be6
13. Be2 Rfd8 14. Qc1 Bc4 15. Bxc4 Qxc4 16. Kf2 Rd3 17. Rd1 Rad8 18. Rxd3 Rxd3
19. Qe1 a6 20. Rd1 e6 21. Rxd3 Qxd3 22. Qd2 Qxd2+ 23. Bxd2 1/2-1/2